 Dungeon Crawl Stone Soup version 0.21.0-3-g78d12a8 (webtiles) character file.

90 Monsterracer the Sneak (level 4, -1/28 HPs)
             Began as a Kobold Assassin on Jan 16, 2018.
             Killed from afar by an orc wizard (8 damage)
             ... with a magic dart
             ... on level 2 of the Dungeon.
             The game lasted 00:06:56 (2663 turns).

Monsterracer the Sneak (Kobold Assassin)            Turns: 2663, Time: 00:06:56

Health: -1/28      AC:  6    Str:  8    XL:     4   Next: 85%
Magic:  4/4        EV: 12    Int: 17    God:
Gold:   114        SH:  0    Dex: 20    Spells: 3/3 levels left

rFire    + . .     SeeInvis .   a - +2 dagger
rCold    + . .     Gourm    .   (shield restricted)
rNeg     + . .     Faith    .   k - +0 ring mail
rPois    +         Spirit   .   (no helmet)
rElec    +         Reflect  .   d - +0 cloak
rCorr    +         Harm     .   (no gloves)
MR       .....                  (no boots)
Stlth    +.........             (no amulet)
HPRegen  0.09/turn              l - ring of positive energy {!d}
MPRegen  0.09/turn              n - +3 ring of dexterity

@: confused, brilliant, resistant
A: small, carnivore
a: no special abilities


You were on level 2 of the Dungeon.
You were very full.

You visited 1 branch of the dungeon, and saw 3 of its levels.

You collected 114 gold pieces.

Inventory:

Hand Weapons
 a - a +2 dagger (weapon)
 b - a +0 blowgun
Missiles
 e - 7 poisoned needles
 f - 2 curare-tipped needles
Armour
 d - a +0 cloak (worn)
 k - a +0 ring mail (worn)
Jewellery
 l - a ring of positive energy (left hand) {!d}
 n - a +3 ring of dexterity (right hand)
Scrolls
 h - 4 scrolls of identify {unknown}
 j - 2 scrolls of remove curse {unknown}
Potions
 c - a potion of flight {unknown}
 i - 3 potions of brilliance
 m - a potion of heal wounds {unknown}
 o - 2 potions of curing {unknown}
 p - 2 potions of resistance
Comestibles
 g - 5 rations


   Skills:
 + Level 3.1 Fighting
 * Level 4.7 Short Blades
 - Level 2.2 Throwing
 - Level 1.2 Dodging
 + Level 6.1 Stealth


You had 3 spell levels left.
You didn't know any spells.

Dungeon Overview and Level Annotations

Branches:
Dungeon (3/15)

Altars:


Innate Abilities, Weirdness & Mutations

You are small and have problems with some larger weapons.
You are carnivorous and can eat meat at any time.


Message History

The adder barely misses you.
You closely miss the adder.
The adder is heavily wounded.
The adder barely misses you.
You closely miss the adder.
The adder is heavily wounded.
The adder barely misses you.
You hit the adder.
The adder is severely wounded.
The adder misses you. The adder bites you.
You are poisoned.
The adder poisons you!
You take 2 damage, and have 23/28 hp.
You hit the adder.
The adder is almost dead.
You feel sick. The adder closely misses you.
You take 1 damage, and have 22/28 hp.
You hit the adder.
You kill the adder!
The orc hits you with a whip.
The orc wizard looks encouraged for a moment.
You see here an adder corpse.
You take 1 damage, and have 21/28 hp.
You closely miss the orc.
You feel sick. The orc misses you.
You are too injured to fight recklessly!
You take 1 damage, and have 20/28 hp.
There is an open door, spattered with blood here.
You feel sick.
You take 1 damage, and have 19/28 hp.
There is a stone staircase leading up here.
The orc hits you with a whip.
You climb upwards.
You feel sick.
There is a stone staircase leading down here.
You take 2 damage, and have 17/28 hp.
You hit the orc.
The orc is moderately wounded.
The orc hits you but does no damage.
You hit the orc.
The orc is heavily wounded.
The orc closely misses you.
You closely miss the orc.
The orc is heavily wounded.
You closely miss the orc.
The orc is heavily wounded.
The orc hits you with a whip.
You take 2 damage, and have 16/28 hp.
You hit the orc.
The orc is severely wounded.
You feel sick.
You are no longer poisoned.
The orc hits you but does no damage.
You take 1 damage, and have 15/28 hp.
You hit the orc.
You kill the orc!
Things that are here:
a whip; a scale mail There isn't anything to butcher here.
There is a stone staircase leading down here.
You start resting.
HP restored.
Health restored: 28 You climb downwards.
The orc wizard gestures wildly while chanting.
The orc wizard seems to speed up.
The orc wizard begins to cast a cantrip, but forgets the words!
There is a stone staircase leading up here.
The orc wizard points at you and mumbles some strange words.
The puff of frost hits you!
You take 11 damage, and have 17/28 hp.
MASSIVE DAMAGE!!
The orc wizard points at you and mumbles some strange words.
The magic dart hits you!
* * * LOW HITPOINT WARNING * * *
The orc wizard hits you but does no damage.
You climb upwards.
There is a stone staircase leading down here.
You take 4 damage, and have 13/28 hp.
Unknown command.
The orc wizard hits you but does no damage.
The orc wizard barely misses you.
The orc wizard hits you but does no damage.
The orc wizard miscasts a cantrip.
The orc wizard gestures at you while chanting.
The puff of frost hits you!
* * * LOW HITPOINT WARNING * * *
You take 9 damage, and have 4/28 hp.
MASSIVE DAMAGE!!
Okay, then.
It was a potion of brilliance.
You feel clever all of a sudden.
It was a potion of resistance.
You feel protected.
The orc wizard hits you but does no damage. x2
The orc wizard hits you with a dagger of pain.
* * * LOW HITPOINT WARNING * * *
You take 2 damage, and have 2/28 hp.
It was a potion of ambrosia.
You are confused.
You feel invigorated.
The orc wizard points at you and mumbles some strange words.
The magic dart hits you!
You die...

## ##.##.#...........#.#. .#
#..#.#...........#.#. .#
##.#.#..........##.#. .#
#.#.#.....####.##.#. .#
#...#........#.##.#. ##
#######..#........#.##.#.
#########.....#..#....#####.##.#.
..........###.#..#..........##.).
..........# #.#o@################
..........# #.##o###.............
..........# #.#.........#########
..........# #.#.>.......#
....<.....###.#..[......#
........................#
.........####.#.........#########
.........####.#.................#
................................#


You could see 2 orc wizards.

Vanquished Creatures
  An orc priest (D:2)
  2 adders
  A worm (D:2)
  3 orcs
  2 giant cockroaches
  4 goblins
  4 hobgoblins
  3 jackals (D:1)
  A quokka (D:2)
  6 bats (D:1)
  4 frilled lizards (D:1)
  2 kobolds
  3 rats
36 creatures vanquished.

Notes
Turn   | Place    | Note
-------+----------+-------------------------------------------
     0 | D:1      | Monsterracer the Kobold Assassin began the quest for the Orb.
     0 | D:1      | Reached XP level 1. HP: 12/12 MP: 1/1
    81 | D:1      | Reached XP level 2. HP: 11/18 MP: 2/2
    94 | D:1      | HP: 9/18 [hobgoblin/club (3)]
   746 | D:1      | Reached XP level 3. HP: 21/22 MP: 3/3
  1718 | D:2      | HP: 6/22 [orc priest/divine providence (16)]
  2124 | D:2      | HP: 11/22 [orc priest/hand axe (6)]
  2128 | D:2      | HP: 1/22 [orc priest/divine providence (8)]
  2130 | D:2      | Reached skill level 6 in Stealth
  2130 | D:2      | Reached XP level 4. HP: 2/28 MP: 4/4
  2656 | D:3      | HP: 13/28 [orc wizard/magic dart (4)]
  2660 | D:2      | HP: 4/28 [orc wizard/puff of frost (9)]
  2663 | D:2      | Killed from afar by an orc wizard

Skill      XL: |  1  2  3 |
---------------+----------+-----
Short Blades   | 3 4 |  4.7
Fighting       | 3 |  3.1
Stealth        | 6 |  6.1
Throwing       | |  2.2
Dodging        | |  1.2

Action                   |  1- 3 |  4- 6 || total
-------------------------+-------+-------++-------
Melee: Dagger            |   121 |    16 ||   137
 Fire: Blowgun           |       |     1 ||     1
  Use: Potion            |       |     3 ||     3
 Stab: Sleeping          |     7 |     1 ||     8
  Eat: Chunk             |    12 |     1 ||    13
Armor: Robe              |     2 |       ||     2
       Ring mail         |    30 |     4 ||    34
Dodge: Dodged            |    61 |    11 ||    72

Vault maps used:
D:1:      mrwooster_arrival_statue_2
D:3:      good_gods_mini_temple, first_ration
